 Dungeon Crawl Stone Soup version 0.31-a0-521-gc7390f8997 (webtiles) character file.

Game seed: 1159673633657151143

3210 bobo the Trooper (level 9, -1/118 HPs)
             Began as a Red Draconian Shapeshifter on Aug 10, 2023.
             Was a Priest of Trog.
             Killed from afar by a raiju (10 damage)
             ... with a living lightning
             ... on level 1 of the Abyss.
             The game lasted 00:19:47 (5297 turns).

bobo the Trooper (Red Draconian Shapeshifter)       Turns: 5297, Time: 00:19:48

Health: -1/118     AC:  7    Str: 21    XL:     9   Next: 65%
Magic:  9/9        EV: 13    Int:  9    God:    Trog [***...]
Gold:   280        SH:  0    Dex: 12    Spells: 8/8 levels left

rFire   + .          .
                       - Unarmed
rCold   . . .        (shield currently unavailable)
rNeg    . . .        (body armour unavailable)
rPois   .            (helmet restricted)
rElec   .            (no cloak)
rCorr   .            (no gloves)
SInv    .            (no boots)
Will    ++...        l - amulet of regeneration Stlth
                     (no ring)
HPRegen 2.19/turn    (no ring)
MPRegen 0.11/turn

%: no passive effects
@: berserking (expiring), flux-form, strong-willed, regenerating, glowing, very
quick
A: glow, contaminating, breathe fire, AC +7, unfitting armour, fire resistance
1, cold-blooded
a: Breathe Fire, Begin Untransformation, Renounce Religion, Berserk, Trog's Hand


You were on level 1 of the Abyss.
You worshipped Trog.
Trog was most pleased with you.
You were something dangerously unstable.
You visited 1 branch of the dungeon, and saw 7 of its levels.
You visited the Abyss 1 time.

You collected 304 gold pieces.
You spent 24 gold pieces at shops.

Inventory:

Missiles
 s - 12 poisoned darts (quivered)
Jewellery
 l - an amulet of regeneration (around neck)
Talismans
 b - a beast talisman
 c - a flux talisman (active)
 o - a talisman of death
Scrolls
 d - 3 scrolls of torment
 e - 2 scrolls of fear
 f - a scroll of revelation {unknown}
 h - a scroll of identify
 i - a scroll of blinking {unknown}
 j - 2 scrolls of immolation
 n - a scroll of teleportation
 r - 2 scrolls of acquirement {unknown}
 v - 3 scrolls of vulnerability {unknown}
 x - 2 scrolls of enchant armour {unknown}
Potions
 a - 2 potions of lignification
 g - a potion of mutation
 k - a potion of heal wounds
 p - a potion of haste {unknown}
 q - a potion of might {unknown}
 t - a potion of curing {unknown}
 u - a potion of degeneration {unknown}
 w - a potion of enlightenment {unknown}
 z - a potion of attraction {unknown}


   Skills:
 + Level 7.5 Fighting
 - Level 4.7 Throwing
 + Level 4.0 Dodging
 + Level 7.4 Unarmed Combat
 + Level 6.5 Shapeshifting


You had 8 spell levels left.
You didn't know any spells.
Your spell library was empty.

Dungeon Overview and Level Annotations

Branches:
Dungeon (7/15)             Temple (0/1) D:4

Altars:
Dithmenos
Elyvilon
Trog
Xom
Zin

Shops:
D:2 ?

Annotations:
D:6 talisman, innerfire43's ghost, novice GnSh
D:7 2 transporters, GoodGuyCap's ghost, novice OpMo


Innate Abilities, Weirdness & Mutations

You are something dangerously unstable.
You glow with magical radiation, making you easy to see and hit.
Foes you strike become dangerously contaminated with magical radiation.
You are incapable of wielding weapons or throwing items.
You can breathe blasts of fire.
Your fiery red scales are hard. (AC +7)
You cannot fit into any form of body armour.
Your flesh is heat resistant. (rF+)
You are cold-blooded and may be slowed by cold attacks.


Message History

The raiju bites you but does no damage.
You barely miss the raiju.
Your tail-slap misses the raiju.
The raiju is moderately wounded.
You hit the raiju.
The raiju shudders as magic cascades through it!!
The raiju twists and deforms.
The raiju is almost dead.
The raiju bursts into living lightning!
The living lightning hits you!!
* * * LOW HITPOINT WARNING * * *
The raiju blinks!
The raiju closely misses you.
The raiju bursts into living lightning!
The living lightning misses you.
The raiju blinks!
A large abomination comes into view.
You barely miss the raiju.
Your tail-slap misses the raiju.
The raiju is almost dead.
You punch the raiju!
You kill the raiju!
Trog accepts your kill.
You hit the raiju.
The raiju begins to glow.
The raiju is lightly wounded.
The raiju bursts into living lightning!
The living lightning misses you.
The raiju blinks!
You punch the raiju!
The raiju glows dangerously bright.
The raiju is moderately wounded.
You hit the raiju.
The raiju shudders as magic cascades through it!
The raiju twists and deforms.
Your tail-slap misses the raiju.
The raiju is almost dead.
The raiju closely misses you. The raiju bites you.
* * * LOW HITPOINT WARNING * * *
The raiju shocks you!
* * * LOW HITPOINT WARNING * * *
You punch the raiju!
You kill the raiju!
Trog accepts your kill.
Your Dodging skill increases to level 4!
The raiju bursts into living lightning!
The living lightning hits you!
You die...

....##.
.#.#......# .#.
..#.#. ...
...#. # ..
#.##.#...##..
.. ##.#.
#...†.# ..#. .
....##..#.## ..
. . #.#.#..#. #
. ### ..
#..#†.###...
#...h..#...##
.. #..#B#X....#
#
....#..#..#.##h
...#
#..###.##.# ..
#..# #.... .
###.. #.. #.##
.#. ## .


You could see a raiju.

Vanquished Creatures
  Pikel (D:4)
  4 raiju (Abyss:1)
  Sigmund (D:4)
  A steam dragon (D:6)
  A water moccasin (D:6)
  A sky beast (D:7)
  2 ice beasts (D:6)
  3 ogres
  3 scorpions
  2 jellies
  2 hounds (D:5)
  2 gnoll boudas
  4 orc priests
  Jessica (D:3)
  Natasha (thrice) (D:4)
  4 orc wizards
  4 iguanas
  9 gnolls
  6 adders
  3 shadow imps
  3 white imps
  5 dart slugs
  A worm (D:4)
  21 orcs
  8 bats
  6 endoplasms
  8 giant cockroaches
  10 goblins
  7 hobgoblins
  8 jackals
  5 quokkas
  11 ball pythons
  2 frilled lizards
  8 kobolds
  7 rats
167 creatures vanquished.

Vanquished Creatures (others)
  A lurking horror (Abyss:1)
  4 starspawn tentacles (Abyss:1)
5 creatures vanquished.

Grand Total: 172 creatures vanquished

Notes
Turn   | Place    | Note
-------+----------+-------------------------------------------
     0 | D:1      | bobo the Draconian Shapeshifter began the quest for the
                  | Orb.
     0 | D:1      | Reached XP level 1. HP: 16/16 MP: 1/1
    98 | D:1      | Reached XP level 2. HP: 20/23 MP: 2/2
   118 | D:1      | Found a faded altar of an unknown god.
   143 | D:1      | Prayed at the altar of an unknown god.
   143 | D:1      | Became a worshipper of Trog the Wrathful
   143 | D:1      | Reached * piety under Trog
   301 | D:1      | Reached XP level 3. HP: 29/29 MP: 3/3
   561 | D:1      | Reached ** piety under Trog
  1274 | D:2      | Reached XP level 4. HP: 34/36 MP: 4/4
  1565 | D:2      | Found the Hermit's Pendant {Faith Invo=14 Evo=0 MP+5}
  1773 | D:2      | Found Tucy's Magic Scroll Emporium.
  1776 | D:2      | Bought a scroll of identify for 24 gold pieces
  1831 | D:3      | Noticed Jessica
  1837 | D:3      | Killed Jessica
  1954 | D:3      | Noticed a scorpion
  1963 | D:3      | Killed a scorpion
  1964 | D:3      | Reached XP level 5. HP: 44/44 MP: 5/5
  2315 | D:3      | Found a white marble altar of Elyvilon.
  2484 | D:4      | Noticed Sigmund
  2496 | D:3      | Reached XP level 6. HP: 18/51 MP: 6/6
  2714 | D:4      | Noticed Natasha
  2715 | D:4      | Reached skill level 1 in Throwing
  2735 | D:4      | Killed Natasha
  2831 | D:4      | Noticed Pikel
  2850 | D:4      | Killed Pikel
  2851 | D:4      | Reached skill level 5 in Unarmed Combat
  2851 | D:4      | Your scales start taking on a fiery red colour.
  2851 | D:4      | Reached XP level 7. HP: 60/60 MP: 7/7
  2851 | D:4      | Gained mutation: Your flesh is heat resistant. (rF+) [Red
                  | Draconian growth]
  2867 | D:4      | Noticed Natasha
  2876 | D:4      | Killed Natasha
  2888 | D:4      | Found a shimmering altar of Xom.
  2890 | D:4      | Noticed Natasha
  2898 | D:4      | Killed Natasha
  2899 | D:4      | Reached skill level 5 in Fighting
  2948 | D:4      | Found a staircase to the Ecumenical Temple.
  2987 | D:4      | Reached XP level 8. HP: 68/68 MP: 8/8
  2987 | D:4      | Reached *** piety under Trog
  3184 | D:4      | Killed Sigmund
  3185 | D:4      | Reached skill level 5 in Shapeshifting
  3296 | D:5      | Entered Level 5 of the Dungeon
  3297 | D:5      | Found a glowing silver altar of Zin.
  3304 | D:5      | Found a shadowy altar of Dithmenos.
  4025 | D:6      | Found a large runed translucent door.
  4025 | D:6      | Found a large runed translucent door.
  4029 | D:6      | Noticed innerfire43's ghost (novice GnSh)
  4218 | D:6      | Reached XP level 9. HP: 70/78 MP: 9/9
  4292 | D:6      | Found the +5 woodcutter's axe
  4454 | D:6      | Upgraded the game from 0.31-a0-507-gbafd7f5274 to
                  | 0.31-a0-521-gc7390f8997
  4509 | D:6      | Reached **** piety under Trog
  5022 | D:7      | Noticed GoodGuyCap's ghost (novice OpMo)
  5038 | D:7      | Found a transporter.
  5065 | D:7      | Identified the +1 long sword "String" {pain, rCorr Str+2
                  | Dex+3}
  5079 | D:7      | Found a transporter.
  5114 | Abyss:1  | Cast into level 1 of the Abyss (gnoll sergeant)
  5152 | Abyss:1  | Noticed an eye of devastation
  5158 | Abyss:1  | Noticed an orange demon
  5173 | Abyss:1  | Noticed a spatial maelstrom
  5179 | Abyss:1  | Found a corrupted altar of Lugonu.
  5184 | Abyss:1  | Noticed a tentacled starspawn
  5185 | Abyss:1  | Noticed a smoke demon
  5186 | Abyss:1  | Found a corrupted altar of Lugonu.
  5210 | Abyss:1  | Noticed an entropy weaver
  5239 | Abyss:1  | Found a corrupted altar of Lugonu.
  5248 | Abyss:1  | Found a corrupted altar of Lugonu.
  5248 | Abyss:1  | Found a corrupted altar of Lugonu.
  5290 | Abyss:1  | Noticed a large abomination
  5297 | Abyss:1  | Killed from afar by a raiju

Illustrated notes

Levels and vault maps discovered:
D:1:      kennysheep_arrival_seaside, layout_loops_ring,
          hellmonk_ecumenical_altar_defaced_shrine, serial_rivers,
          chequers_serial_rivers_room_b, chequers_serial_rivers_small_3,
          chequers_serial_rivers_small_b, chequers_serial_rivers_micro_a,
          chequers_serial_rivers_large_a, chequers_serial_rivers_small_b
D:2:      layout_basic, serial_shops, nicolae_shop_rolled_up
D:3:      layout_basic, marbit_many_paths, nicolae_elevator_lobby_asterisk,
          uniq_jessica
D:4:      layout_cave_pools, mainiacjoe_overflow_tiny_flanked, temple_pool_b,
          uniq_natasha, uniq_sigmund, uniq_pikel
D:5:      layout_loops_ring, chequers_temple_overflow_statue_of_worship,
          grunt_ministairs_14, minivault_27
D:6:      layout_loops_ring, ebering_ghost_disaster_area
D:7:      layout_basic, gammafunk_ghost_stat_death, serial_corexii_hall,
          chequers_hall_statues_corner_a, corexii_hall_statues_u
Abyss:1:  base: Temple, onia_ninara_dug_in_and_dangerous

Skill      XL: |  1  2  3  4  5  6  7  8  9 |
---------------+----------------------------+-----
Dodging        | 2 3 4 |  4.0
Fighting       | 2 3 4 5 6 7 |  7.5
Unarmed Combat | 4 5 6 7 |  7.4
Shapeshifting  | 4 5 6 |  6.5
Throwing       | 2 4 |  4.7

Action                     |  1- 3 |  4- 6 |  7- 9 || total
---------------------------+-------+-------+-------++-------
  Melee: Unarmed           |   114 |   127 |   176 ||   417
         Tailslap          |    10 |    12 |    21 ||    43
         Punch             |     3 |     3 |     5 ||    11
  Throw: Dart              |       |     9 |    40 ||    49
 Invoke: Berserk           |     1 |     5 |     1 ||     7
         Trog's Hand       |       |     3 |     3 ||     6
Ability: Breathe Fire      |       |       |    12 ||    12
    Use: Scroll            |       |     4 |     6 ||    10
   Stab: Sleeping          |     2 |       |     1 ||     3
 Armour: Skin              |    48 |    34 |    41 ||   123
  Dodge: Dodged            |    77 |    78 |    86 ||   241
   Form: Flux              |       |       |     1 ||     1

Table legend: (Time is in decaauts)
 A = Elapsed time spent in this place.
 B = Non-inter-level travel time spent in this place.
 C = Inter-level travel time spent in this place.
 D = Time resting spent in this place.
 E = Time spent auto-exploring this place.
 F = Levels seen in this place.
 G = Mean time per level.
                   A        B        C        D        E       F      G
               +--------+--------+--------+--------+--------+-----+--------+
         Total |   5328 |   4983 |    345 |    125 |   3684 |   8 |  666.0 |
       Dungeon |   5153 |   4808 |    345 |    125 |   3684 |   7 |  736.1 |
         Abyss |    174 |    174 |      0 |      0 |      0 |   1 |  174.0 |
               +--------+--------+--------+--------+--------+-----+--------+

Top non-repeatable levels by time:
     D:1: 1171 daAuts
     D:3: 831 daAuts
     D:6: 811 daAuts
     D:2: 683 daAuts
     D:5: 673 daAuts
     D:4: 669 daAuts
     D:7: 314 daAuts
 Abyss:1: 174 daAuts
